 Dungeon Crawl Stone Soup version 0.17.0-28-g6e173f8 (webtiles) character file.

3287 venefius the Cleaver (level 10, -1/86 HPs)
             Began as a Hill Orc Fighter on Nov 29, 2015.
             Was a Priest of Trog.
             Slain by a hill giant
             ... wielding a +0 giant club
              (14 damage)
             ... on level 10 of the Dungeon.
             The game lasted 00:32:19 (5848 turns).

venefius the Cleaver (Hill Orc Fighter)             Turns: 5848, Time: 00:32:19

Health: -1/86      AC: 17    Str: 22    XL:     10   Next: 1%
Magic:  19/19      EV:  5    Int:  8    God:    Trog [***...]
Gold:   272        SH: 11    Dex: 11    Spells: 0 memorised, 9 levels left

rFire  . . .     SeeInvis .     a - +1 war axe
rCold  . . .     Clarity  .     y - +1 plate armour
rNeg   . . .     SustAt   .     c - +0 shield
rPois  .         Gourm    .     L - +0 helmet
rElec  .         Spirit   .     d - +0 cloak
rCorr  .         Warding  .     g - +0 pair of gloves
rMut   .         Stasis   .     (no boots)
MR     .....                    B - amulet of faith
Stlth  ..........               (no ring)
                                r - ring of magical power

@: not resistant to hostile enchantments, extremely unstealthy
A: no striking features
a: Berserk, Trog's Hand, Burn Spellbooks, Renounce Religion


You were on level 10 of the Dungeon.
You worshipped Trog.
Trog was most pleased with you.
You were not hungry.

You visited 2 branches of the dungeon, and saw 10 of its levels.

You collected 384 gold pieces.
You spent 112 gold pieces at shops.

Inventory:

Hand Weapons
 a - a +1 war axe (weapon)
 E - a +0 shortbow
Missiles
 v - 140 arrows
 w - 38 bolts
Armour
 b - a +0 scale mail
 c - a +0 shield (worn)
 d - a +0 cloak (worn)
 g - a +0 pair of gloves (worn)
 m - a +1 chain mail
 y - a +1 plate armour (worn)
 L - a +0 helmet (worn)
Jewellery
 n - an uncursed amulet of faith
 r - a ring of magical power (left hand)
 B - an amulet of faith (around neck)
Wands
 q - a wand of fire (10)
 u - a wand of disintegration (18)
Scrolls
 f - a scroll of amnesia
 h - 6 scrolls of remove curse
 i - a scroll of random uselessness
 j - 3 scrolls of identify
 k - 4 scrolls of teleportation
 A - 3 scrolls of fear
 H - a scroll of noise
 I - a scroll of enchant armour
 J - a scroll of torment {unknown}
 K - a scroll of fog {unknown}
Potions
 l - 4 potions of agility
 p - 3 potions of haste
 s - a potion of magic {unknown}
 t - 4 potions of degeneration
 x - 2 potions of flight {unknown}
 F - 2 potions of berserk rage {unknown}
 G - a potion of curing
Books
 C - a book of Death

   Spells                             Type                      Level
   a - Corpse Rot                     Necromancy                   2
   b - Sublimation of Blood           Necromancy                   2
   c - Agony                          Necromancy                   5
   d - Dispel Undead                  Necromancy                   5
   e - Excruciating Wounds            Charms/Necromancy            5
   f - Bolt of Draining               Conjuration/Necromancy       5
   Trog disapproves of the use of such an item.
Miscellaneous
 D - a plain deck of wonders
Comestibles
 e - 7 bread rations
 o - 6 meat rations
 z - 3 beef jerkies


   Skills:
 + Level 7.6 Fighting
 * Level 12.5 Axes
 + Level 6.3 Armour
 + Level 0.5 Stealth
 + Level 7.6 Shields


You had 9 spell levels left.
You didn't know any spells.

Dungeon Overview and Level Annotations

Branches:
Dungeon (10/15)            Temple (1/1) D:7             Orc (0/4) D:10
   Lair: D:8-11

Altars:
Ashenzari
Cheibriados
Dithmenos
Fedhas
Kikubaaqudgha
Makhleb
Nemelex Xobeh
Okawaru
Qazlal
Ru
Sif Muna
Trog
Vehumet
Xom
Yredelemnul
The Shining One

Shops:
D:8 [


Message History

The warg barely misses you.
The hill giant hits you with a giant club!
* * * LOW HITPOINT WARNING * * *
Unknown command.
You hit the hill giant.
The hill giant is heavily wounded.
You slash the warg!
The warg is heavily wounded.
You closely miss the warg.
The warg is heavily wounded.
The warg bites you but does no damage. You block the warg's attack.
You hit the hill giant.
The hill giant is heavily wounded.
You hit the warg.
The warg is heavily wounded.
You slash the warg!
The warg is almost dead.
You block the warg's attack. x2
The hill giant hits you with a giant club!
You die...

.# #######.##
#........# #
##........# #.
..........
.####.##........#
.........)......#
........h@)...=.#
........C)h.....#
..........:.....#
.....>.......####
.............#
............##
............#
.....(.......


You could see a hill giant and 2 wargs.

Vanquished Creatures
  A two-headed ogre (D:8)
  Eustachio (D:6)
  A hungry ghost (D:6)
  An orc warrior (D:7)
  3 ogres
  A phantom (D:8)
  3 ice beasts
  A sky beast (D:7)
  3 centaurs
  Blork the orc (D:4)
  A big kobold (D:6)
  A giant frog (D:6)
  A crimson imp (D:6)
  2 centaur zombies
  A giant frog zombie (D:7)
  2 quasits
  3 jellies
  5 hounds
  5 giant frog skeletons
  7 orc priests
  2 iguanas
  4 orc wizards
  8 worker ants
  A hound skeleton (D:7)
  3 worker ant zombies
  11 gnolls
  11 adders
  3 shadow imps
  2 adder zombies
  2 adder skeletons
  4 worms
  3 giant geckos
  26 orcs
  7 giant cockroaches
  11 hobgoblins
  5 quokkas
  9 bats
  A giant gecko zombie (D:7)
  6 giant newts
  15 goblins
  14 jackals
  A jackal skeleton (D:4)
  12 kobolds
  A quokka zombie (D:8)
  4 rats
  2 plants (D:4)
212 creatures vanquished.

Notes
Turn   | Place    | Note
--------------------------------------------------------------
     0 | D:1      | venefius the Hill Orc Fighter began the quest for the Orb.
     0 | D:1      | Reached XP level 1. HP: 19/19 MP: 1/1
    49 | D:1      | Reached skill level 4 in Fighting
    49 | D:1      | Reached XP level 2. HP: 17/27 MP: 2/2
   411 | D:1      | Reached XP level 3. HP: 33/33 MP: 3/3
  1083 | D:2      | Reached XP level 4. HP: 30/41 MP: 4/4
  1332 | D:2      | Found a bloodstained altar of Trog.
  1448 | D:2      | Became a worshipper of Trog the Wrathful
  1783 | D:3      | Reached XP level 5. HP: 43/47 MP: 5/5
  1834 | D:3      | Reached * piety under Trog
  2093 | D:4      | Noticed Blork the orc
  2107 | D:4      | Killed Blork the orc
  2120 | D:4      | Reached skill level 5 in Axes
  2120 | D:4      | Reached XP level 6. HP: 10/55 MP: 6/6
  2317 | D:4      | Reached skill level 5 in Fighting
  2380 | D:4      | Reached ** piety under Trog
  2544 | D:4      | Reached skill level 6 in Axes
  2954 | D:5      | Entered Level 5 of the Dungeon
  2968 | D:5      | Found a sparkling altar of Nemelex Xobeh.
  2986 | D:5      | Reached *** piety under Trog
  2986 | D:5      | Reached XP level 7. HP: 61/61 MP: 7/7
  3016 | D:5      | Reached skill level 7 in Axes
  3063 | D:5      | Found a sparkling altar of Nemelex Xobeh.
  3249 | D:5      | Reached skill level 5 in Shields
  3259 | D:5      | Reached skill level 8 in Axes
  3305 | D:5      | Reached XP level 8. HP: 70/70 MP: 8/8
  3779 | D:6      | Reached skill level 5 in Armour
  3807 | D:6      | Reached skill level 9 in Axes
  3829 | D:6      | Reached skill level 10 in Axes
  4198 | D:6      | Reached XP level 9. HP: 74/78 MP: 9/9
  4226 | D:6      | Noticed Eustachio
  4235 | D:6      | Reached **** piety under Trog
  4244 | D:6      | Killed Eustachio
  4357 | D:6      | Reached skill level 11 in Axes
  4611 | D:7      | Found a staircase to the Ecumenical Temple.
  4669 | Temple   | Entered the Ecumenical Temple
  5395 | D:7      | Found a shadowy altar of Dithmenos.
  5666 | D:8      | Found Avepraun's Antique Armour Boutique.
  5707 | D:8      | Bought a helmet for 112 gold pieces
  5727 | D:8      | Found a shattered altar of Ashenzari.
  5752 | D:8      | Reached skill level 12 in Axes
  5832 | D:8      | You fall through a shaft for 2 floors!
  5832 | D:10     | Entered Level 10 of the Dungeon
  5832 | D:10     | Found a staircase to the Orcish Mines.
  5832 | D:10     | Noticed a hill giant
  5840 | D:10     | Reached XP level 10. HP: 37/86 MP: 10/10
  5848 | D:10     | Slain by a hill giant

Action                   |  1- 3 |  4- 6 |  7- 9 | 10-12 || total
-------------------------+-------+-------+-------+-------++-------
Melee: War axe           |   130 |   296 |   418 |     8 ||   852
Invok: Berserk           |       |       |     2 |       ||     2
  Use: Scroll            |       |    11 |     6 |       ||    17
       Potion            |       |     1 |     4 |       ||     5
  Eat: Chunk             |     1 |     2 |     3 |       ||     6
       Beef jerky        |       |     1 |     1 |       ||     2
       Fruit             |       |     1 |     1 |       ||     2
       Bread ration      |       |       |     2 |       ||     2
       Pizza             |       |       |     1 |       ||     1
       Royal jelly       |       |       |     1 |       ||     1
